 Dungeon Crawl Stone Soup version 0.19.1 (webtiles) character file.

114 Peloso the Skirmisher (level 4, 0/40 HPs)
             Began as a Ghoul Fighter on Dec 8, 2016.
             Slain by a gnoll (5 damage)
             ... on level 2 of the Dungeon.
             The game lasted 00:02:20 (1148 turns).

Peloso the Skirmisher (Ghoul Fighter)               Turns: 1148, Time: 00:02:21

Health: 0/40       AC:  6    Str: 19    XL:     4   Next: 98%
Magic:  3/3        EV:  7    Int:  3    God:
Gold:   142        SH:  9    Dex:  9    Spells: 0 memorised, 3 levels left

rFire  . . .     SeeInvis .     a - +0 long sword
rCold  + . .     Gourm    .     b - +0 scale mail
rNeg   + + +     Faith    .     c - +0 shield
rPois  ∞         Spirit   .     (no helmet)
rElec  .         Reflect  .     (no cloak)
rCorr  .         Harm     .     (no gloves)
MR     .....                    (no boots)
Stlth  ..........               h - amulet of rage
                                (no ring)
                                (no ring)

@: rotting
A: rotting body, claws 1, carnivore 3, cold resistance 1, negative energy
resistance 3, slow regeneration 1, torment resistance, unbreathing
a: no special abilities


You were on level 2 of the Dungeon.
You were not hungry.

You visited 1 branch of the dungeon, and saw 2 of its levels.

You collected 142 gold pieces.

Inventory:

Hand Weapons
 a - a +0 long sword (weapon)
Armour
 b - a +0 scale mail (worn)
 c - a +0 shield (worn)
Jewellery
 h - an amulet of rage (around neck)
Scrolls
 e - 3 scrolls of identify {unknown}
 j - 3 scrolls of remove curse {unknown}
 k - a scroll of blinking {unknown}
 l - a scroll of fog {unknown}
 m - a scroll of noise {unknown}
Potions
 d - a potion of might
 i - a potion of flight {unknown}
Comestibles
 f - 3 meat rations


   Skills:
 + Level 3.9 Fighting
 + Level 3.0 Long Blades
 + Level 3.2 Armour
 + Level 0.5 Dodging
 + Level 0.2 Stealth
 + Level 3.2 Shields


You had 3 spell levels left.
You didn't know any spells.

Dungeon Overview and Level Annotations

Branches:
Dungeon (2/15)

Altars:


Innate Abilities, Weirdness & Mutations

Your body is rotting away.
You thrive on raw meat.
You are immune to poison.
You have sharp fingernails.
You are carnivorous and can eat meat at any time.
Your flesh is cold resistant. (rC+)
You are immune to negative energy. (rN+++)
You regenerate slowly when monsters are visible.
You are immune to unholy pain and torment.
You can survive without breathing.


Message History

The gnoll is heavily wounded.
The gnoll barely misses you. You block the gnoll's attack.
You hit the gnoll.
The gnoll is almost dead.
The gnoll hits you. The gnoll hits you with a whip!
* * * LOW HITPOINT WARNING * * *
The gnoll closely misses you. The gnoll barely misses you.
You riposte.
You barely miss the gnoll.
The gnoll is almost dead.
You closely miss the gnoll.
The gnoll is almost dead.
The gnoll hits you but does no damage. x2
You slash the gnoll!
You kill the gnoll!
The gnoll hits you.
* * * LOW HITPOINT WARNING * * *
You hit the gnoll.
The gnoll is lightly wounded.
The gnoll hits you but does no damage. The gnoll hits you.
You die...

.....†......####.....#.#+#....
#...†..........#.....#...........
.##....#.#..##....÷..#...........
.......#.#..##.......#...........
.##..............................
.##......##........#...#........#
...................#...#.........
.................#.##..#.........
...##.#.......<)@......#.........
...##.#.......#g...##.##....#...#
.............)..............#)..#
......#####.##......#..###+##...#
###...#####.#............#.......
.........##.........##...#.......
.........###.....#.####..#.......
.........# #.....#.......#.######
.........###.....#.#####.#......#


You could see a gnoll.

Vanquished Creatures
  Terence (D:2)
  4 gnolls
  An adder (D:2)
  2 oozes (D:2)
  2 worms (D:2)
  A dart slug (D:1)
  5 goblins
  3 hobgoblins (D:2)
  3 bats
  2 frilled lizards
  5 kobolds
  6 rats
35 creatures vanquished.

Notes
Turn   | Place    | Note
-------+----------+-------------------------------------------
     0 | D:1      | Peloso the Ghoul Fighter began the quest for the Orb.
     0 | D:1      | Reached XP level 1. HP: 19/19 MP: 0/0
    85 | D:1      | Reached XP level 2. HP: 8/26 MP: 1/1
   281 | D:1      | Reached XP level 3. HP: 20/31 MP: 2/2
   544 | D:2      | Found a faded altar of an unknown god.
   658 | D:2      | Noticed Terence
   673 | D:2      | Killed Terence
   673 | D:2      | Reached XP level 4. HP: 13/40 MP: 3/3
  1148 | D:2      | Slain by a gnoll

Skill      XL: |  1  2  3  4 |
---------------+-------------+-----
Armour         | 3 |  3.2
Long Blades    | 2 3 |  3.0
Shields        | 3 |  3.2
Fighting       | |  3.9
Dodging        | |  0.5
Stealth        | |  0.2

Action                   |  1- 3 |  4- 6 || total
-------------------------+-------+-------++-------
Melee: Long sword        |    94 |    32 ||   126
  Eat: Chunk             |     5 |       ||     5
Armor: Scale mail        |    31 |    21 ||    52
Dodge: Dodged            |    27 |    16 ||    43
Block: Shield            |    47 |    14 ||    61
       Rpst.: Long sword |     9 |     6 ||    15
